 Dungeon Crawl Stone Soup version 0.27.1-34-g3ba077fa99 (webtiles) character file.

Game seed: 14259349307693039021

8684 melkoren the Fencer (level 11, -4/97 HPs)
             Began as a Minotaur Gladiator on Jan 14, 2022.
             Was a Believer of Uskayaw.
             Slain by Erica (12 damage)
             ... on level 9 of the Dungeon.
             The game lasted 01:07:53 (16816 turns).

melkoren the Fencer (Minotaur Gladiator)           Turns: 16816, Time: 01:07:54

Health: -4/97      AC:  4    Str: 18    XL:     11   Next: 13%
Magic:  15/15      EV: 17    Int:  5    God:    Uskayaw [**....]
Gold:   388        SH:  6    Dex: 16    Spells: 10/10 levels left

rFire    . . .     SeeInvis .   N - +5 long sword (freeze)
rCold    . . .     Faith    .   I - +1 buckler
rNeg     . . .     Spirit   .   H - +1 robe {Will+}
rPois    +         Reflect  .   c - +0 hat
rElec    .         Harm     .   (no cloak)
rCorr    .         Rampage  .   S - +0 pair of gloves
Will     +....                  (no boots)
Stlth    +.........             (no amulet)
HPRegen  0.26/turn              L - ring of flight
MPRegen  0.14/turn              P - ring of poison resistance

@: flying, hasted, studying Fighting, very quick
A: horns 2, retaliatory headbutt
a: Renounce Religion, Stomp, Line Pass


You were on level 9 of the Dungeon.
You worshipped Uskayaw.
Uskayaw was noncommittal.
You visited 1 branch of the dungeon, and saw 10 of its levels.
You also visited: Sewer.

You collected 484 gold pieces.
You spent 96 gold pieces at shops.


Innate Abilities, Weirdness & Mutations

You have a pair of horns on your head.
You reflexively headbutt those who attack you in melee.


   Skills:
 * Level 9.2 Fighting
 + Level 16.4 Long Blades
 - Level 2.0 Throwing
 + Level 9.5 Dodging
 - Level 4.0 Shields
 + Level 7.0 Invocations


You had 10 spell levels left.
You didn't know any spells.
Your spell library contained the following spells:

 Spells                   Type           Power      Damage    Failure   Level
 Slow                     Hex            0%         N/A       63%         2
 Static Discharge         Conj/Air       0%         N/A       63%         2
 Confusing Touch          Hex            0%         N/A       85%         3
 Vampiric Draining        Necr           0%         2d6       85%         3
 Dispel Undead            Necr           0%         3d6       99%         4
 Olgreb's Toxic Radiance  Pois           0%         N/A       99%         4
 Sticky Flame             Conj/Fire      0%         2d3       99%         4
 Lightning Bolt           Conj/Air       0%         1d11      100%        5
 Summon Forest            Summ/Tloc      0%         N/A       100%        5
 Eringya's Noxious Bog    Tmut/Pois      0%         N/A       100%        6
 Ozocubu's Refrigeration  Ice            0%         4d5       100%        7
 Summon Hydra             Summ           0%         N/A       100%        7
 Ignition                 Fire           0%         3d3       100%        8
 Maxwell's Capacitive Co  Air            0%         ∞         100%        8

Inventory:

Hand Weapons
 a - a +3 long sword
 i - a +0 war axe
   (You took it off an orc on level 6 of the Dungeon)
 p - the +11 whip "Tufit" {vorpal, Int+5 Stlth+}
   (You took it off Harold on level 9 of the Dungeon)

   It inflicts extra damage upon your enemies.
   Int:       It affects your intelligence (+5).
   Stlth:     It makes you more stealthy.
 x - a +0 dagger
   (You took it off a kobold brigand in a sewer)
 y - a +2 whip of electrocution
   (You took it off a kobold in a sewer)
 D - a +0 short sword
   (You took it off a kobold brigand in a sewer)
 E - a +0 short sword
   (You took it off a kobold in a sewer)
 J - a +4 dagger of venom
   (You took it off an orc on level 5 of the Dungeon)
 N - a +5 long sword of freezing (weapon)
   (You took it off a wight on level 6 of the Dungeon)
Missiles
 d - 6 throwing nets {=f!f}
 h - 45 sling bullets
 j - 171 stones
 m - 6 boomerangs
 n - 211 arrows
 o - 78 bolts
 u - 19 poisoned darts (quivered)
 v - 7 boomerangs of dispersal {=f!f}
 C - a curare-tipped dart {=f}
Armour
 b - a +1 leather armour
 c - a +0 hat (worn)
 e - a +0 plate armour
   (You found it on level 1 of the Dungeon)
 F - a +0 ring mail
   (You took it off Harold on level 9 of the Dungeon)
 H - a +1 robe of willpower (worn)
   (You found it on level 9 of the Dungeon)
 I - a +1 buckler (worn)
   (You found it on level 4 of the Dungeon)
 S - a +0 pair of gloves (worn)
   (You found it on level 10 of the Dungeon)
 T - a +0 cloak
   (You took it off Crazy Yiuf on level 7 of the Dungeon)
Magical Staves
 G - a staff of earth {!a}
   (You found it on level 4 of the Dungeon)
Jewellery
 L - a ring of flight (left hand)
   (You took it off an orc on level 4 of the Dungeon)
 P - a ring of poison resistance (right hand)
   (You took it off an orc on level 6 of the Dungeon)
 R - a ring of resist corrosion
   (You found it on level 4 of the Dungeon)
 Z - a ring of wizardry
   (You found it on level 7 of the Dungeon)
Wands
 g - a wand of mindburst (18)
   (You found it on level 8 of the Dungeon)
 U - a wand of flame (35)
   (You took it off Crazy Yiuf on level 7 of the Dungeon)
Scrolls
 f - 6 scrolls of amnesia
 l - 2 scrolls of vulnerability {!r!r}
 r - a scroll of immolation {unknown}
 s - a scroll of summoning {unknown}
 B - a scroll of noise {unknown}
 K - a scroll of fog {unknown}
 M - a scroll of fear
 Q - 3 scrolls of teleportation {@r4}
Potions
 k - 3 potions of flight
 q - a potion of attraction {!q}
 t - 2 potions of cancellation
 w - 3 potions of lignification {!q}
 z - 3 potions of brilliance
 A - a potion of invisibility
 V - a potion of heal wounds {@q2}

Dungeon Overview and Level Annotations

Branches:
Dungeon (10/15)            Temple (0/1) D:5            Lair (0/6) D:9
    Orc (0/2) D:9           Sewer (visited)

Altars:
Ashenzari
Elyvilon
Kikubaaqudgha
Uskayaw
Yredelemnul
Zin

Shops:
D:1 [   D:2 !*?

Annotations:
D:6 2 transporters
D:9 Erica, Erolcha

##..........##
#...........#
##.........##
#.........#
##.......## ##.....##
###.#.# ##..# #@##
#{# ......#
#............
#............##
..............# #
#..(...........# #
.#.(...........#####
.##.(.......?.....##.
..
...(...........@.>.


There were no monsters in sight!


Message History

You take 1 damage, and now have 53/97 hp.
You hit the wraith but do no damage. Your headbutt misses the wraith.
The wraith is no longer sharing its pain.
The wraith hits you!
* * * LOW HITPOINT WARNING * * *
The wraith drains your vigour!
You feel yourself slow down. 😨 HP[-9]
You take 9 damage, and now have 44/97 hp.
You slash the wraith! You freeze the wraith.
You destroy the wraith! 😨 HP[+1]
There is a stone staircase leading up, spattered with blood here.
You start resting.
You feel yourself speed up.
You can no longer merge with and destroy a victim.
Uskayaw will no longer force your foes to share their pain.
Uskayaw will no longer force your foes to helplessly watch your dance.
You can no longer pass through a line of other dancers. 😎 HP[+52]
Your hp is fully restored (97).
Unknown command.
o - 78 bolts (gained 24) Key pressed, stopping explore.
O - a potion of haste {@q3} Key pressed, stopping explore.
Unknown command.
Erolcha is nearby!
Unknown command.
Unknown command.
Throw: 26 darts (poison)
Press: ? - help, Q - select action, (/) - cycle Shift-Dir - straight line, f - Erolcha
Aim: Erolcha, wielding a +0 giant spiked club and wearing a +0 robe (wandering, hasn't noticed you, 75% to hit)
You throw a poisoned dart. The poisoned dart hits Erolcha.
Erolcha is poisoned.
Erolcha shouts!
Erica shouts!
Erolcha points at you and mumbles some strange words.
You resist with almost no effort.
Throw: 25 darts (poison)
Press: ? - help, Q - select action, (/) - cycle Shift-Dir - straight line, f/p - Erolcha
Aim: Erolcha, wielding a +0 giant spiked club and wearing a +0 robe (poisoned, 75% to hit)
You throw a poisoned dart. The poisoned dart hits Erolcha.
Throw: 24 darts (poison)
Press: ? - help, Q - select action, (/) - cycle Shift-Dir - straight line, f/p - Erolcha
Aim: Erolcha, wielding a +0 giant spiked club and wearing a +0 robe (lightly wounded, poisoned, 75% to hit)
You throw a poisoned dart. The poisoned dart hits Erolcha.
Erica casts a spell at you. You resist with almost no effort.
Throw: 23 darts (poison)
Press: ? - help, Q - select action, (/) - cycle Shift-Dir - straight line, f/p - Erolcha
Aim: Erolcha, wielding a +0 giant spiked club and wearing a +0 robe (lightly wounded, poisoned, 75% to hit)
You throw a poisoned dart. The poisoned dart hits Erolcha.
Erolcha looks even sicker.
Erica gestures wildly while chanting.
Erica flickers and vanishes!
Deactivating autopickup; reactivate with Ctrl-A.
Throw: 22 darts (poison)
Press: ? - help, Q - select action, (/) - cycle Shift-Dir - straight line, f/p - Erolcha
Aim: Erolcha, wielding a +0 giant spiked club and wearing a +0 robe (lightly wounded, very poisoned, 75% to hit)
You throw a poisoned dart. The poisoned dart hits Erolcha.
Erolcha looks even sicker.
Erolcha casts a spell at you. You resist with almost no effort.
Throw: 21 darts (poison)
Press: ? - help, Q - select action, (/) - cycle Shift-Dir - straight line, f/p - Erolcha
Aim: Erolcha, wielding a +0 giant spiked club and wearing a +0 robe (lightly wounded, very poisoned, 75% to hit)
You throw a poisoned dart. The poisoned dart hits Erolcha.
Erolcha looks as sick as possible!
Throw: 20 darts (poison)
Press: ? - help, Q - select action, (/) - cycle Shift-Dir - straight line, f/p - Erolcha
Aim: Erolcha, wielding a +0 giant spiked club and wearing a +0 robe (lightly wounded, extremely poisoned, 75% to hit)
You throw a poisoned dart. The poisoned dart hits Erolcha.
Erolcha looks as sick as possible!
Erolcha mumbles some strange words.
Erolcha flickers and vanishes!
Throw: 19 darts (poison)
Press: ? - help, Q - select action, (/) - cycle Shift-Dir - straight line, f - you That would be overly suicidal.
Okay, then.
You hear some strange, mumbled words.
Something tries to affect you, but you resist.
You hit something. You freeze something. You headbutt something.
Something hits you!! Something burns you! 😮 HP[-33]
You take 33 damage, and now have 64/97 hp.
MASSIVE DAMAGE!! (PAUSE)
You slice something!! You freeze something. Your headbutt misses something.
You can now pass through a line of other dancers.
You closely miss something. You block something's attack.
You slash something! You freeze something. Something hits you!!
* * * LOW HITPOINT WARNING * * *
Something burns you.
* * * LOW HITPOINT WARNING * * *
😨 HP[-30]
You take 30 damage, and now have 34/97 hp.
MASSIVE DAMAGE!! (PAUSE)
You feel yourself speed up. Something hits you!!
* * * LOW HITPOINT WARNING * * *
Something burns you!
You die...

Skill      XL: |  1  2  3  4  5  6  7  8  9 10 11 |
---------------+----------------------------------+-----
Long Blades    | 4 5 6 7 8 11 14 16 | 16.4
Fighting       | 3 4 5 6 8 9 |  9.2
Dodging        | 4 5 6 8 9 |  9.5
Invocations    | 1 3 4 5 7 |  7.0
Shields        | 1 4 |  4.0
Throwing       | |  2.0

Action                   |  1- 3 |  4- 6 |  7- 9 | 10-12 || total
-------------------------+-------+-------+-------+-------++-------
Melee: Long sword        |    81 |    76 |    18 |    86 ||   261
       Headbutt          |    15 |    17 |    83 |    52 ||   167
       Whip              |       |    77 |    48 |    79 ||   204
       Dagger            |       |       |   280 |     6 ||   286
Throw: Boomerang         |     8 |     3 |       |       ||    11
       Dart              |       |       |    86 |    16 ||   102
Invok: Stomp             |       |     1 |     1 |       ||     2
  Use: Scroll            |     1 |     5 |    12 |     6 ||    24
       Potion            |       |     5 |     8 |     9 ||    22
 Stab: Sleeping          |     1 |     2 |     2 |     2 ||     7
       Paralysed         |       |     2 |    13 |    16 ||    31
       Invisible         |       |       |       |     1 ||     1
Armor: Leather armour    |    16 |    25 |    37 |     2 ||    80
       Robe              |       |       |       |     7 ||     7
Dodge: Dodged            |    50 |   102 |   170 |   129 ||   451
Block: Buckler           |       |       |    45 |    44 ||    89
       Rpst.: Long sword |    16 |     9 |     3 |    13 ||    41

Levels and vault maps discovered:
D:1:      minmay_arrival_three_doors, layout_basic, serial_shops,
          shop_fountains, hellmonk_ecumenical_altar_run_dry, amethyst_killhole,
          minivault_26
D:2:      layout_basic, basic_altar, serial_shops, nicolae_shop_stone,
          shop_fountains, nicolae_shop_statue_plus, grunt_ministairs_9
D:3:      layout_rooms, mainiacjoe_overflow_six_doors_small,
          mainiacjoe_overflow_brackets, serial_bayou, serial_bayou_pond_a,
          serial_bayou_pond_a, serial_bayou_shore_a, serial_bayou_pond_d,
          minmay_pentomino_pile
D:4:      layout_loops_ring, gup_sewer_entry_bowl, chequers_big_river,
          minmay_manual_mail, uniq_duvessa
D:5:      layout_cave_pools, minmay_temple_entry_glassed_door
D:6:      gammafunk_cloud_chamber, layout_basic,
          lemuel_mausoleum_altar_yredelemnul, minmay_between
D:7:      layout_loops_cross, minmay_manual_mares, uniq_crazy_yiuf_cottage
D:8:      layout_rooms, ashenzari_conservatory_becter, old_standard_altar,
          uniq_psyche, uniq_prince_ribbit1, uniq_grum
D:9:      layout_cave_pods, due_lair_maze_entry_diamond, orc_0_dummy,
          uniq_harold, uniq_erica, uniq_erolcha
D:10:     minmay_the_grid_triangle_9x9_recursive_2
          [minmay_the_grid_triangle_9x9_prize_center,
          minmay_the_grid_triangle_9x9_from_above,
          minmay_the_grid_triangle_9x9_corrupted_corridor,
          minmay_the_grid_triangle_9x9_sprig], layout_loops_corners,
          grunt_temple_overflow_cloverleaf, st_stairs_3, minmay_misc_feat_doors

Notes
Turn   | Place    | Note
-------+----------+-------------------------------------------
     0 | D:1      | melkoren the Minotaur Gladiator began the quest for the
                  | Orb.
     0 | D:1      | Reached XP level 1. HP: 18/18 MP: 0/0
     0 | D:1      | magus.rc [v1.11.3]
   237 | D:1      | Found Xaohur's Antique Armour Emporium.
   242 | D:1      | Reached skill level 4 in Long Blades
   245 | D:1      | Reached XP level 2. HP: 25/25 MP: 1/1
   291 | D:1      | Found a faded altar of an unknown god.
   311 | D:1      | Became a worshipper of Uskayaw the Reveller
   311 | D:1      | Reached * piety under Uskayaw
   405 | D:1      | Reached ** piety under Uskayaw
   591 | D:1      | Reached skill level 3 in Fighting
   596 | D:1      | Reached XP level 3. HP: 31/31 MP: 2/2
  1215 | D:2      | Found a basalt altar of Yredelemnul.
  1316 | D:2      | Found Ilea's General Store.
  1435 | D:2      | Found Jefyfy's Distillery.
  1460 | D:2      | Bought a scroll of identify for 28 gold pieces
  1509 | D:2      | Found Donur's Magic Scroll Emporium.
  2043 | D:2      | Reached skill level 5 in Long Blades
  2043 | D:2      | Reached XP level 4. HP: 22/38 MP: 3/3
  2520 | D:2      | Bought a scroll of identify for 28 gold pieces
  2624 | D:3      | Found an ancient bone altar of Kikubaaqudgha.
  2902 | D:3      | Reached skill level 4 in Dodging
  3393 | D:3      | Found a white marble altar of Elyvilon.
  3430 | D:2      | Bought a scroll of identify for 20 gold pieces
  3430 | D:2      | Bought a scroll of identify for 20 gold pieces
  3799 | D:4      | Reached XP level 5. HP: 14/46 MP: 4/4
  4108 | D:4      | Found a glowing drain.
  4112 | Sewer    | Entered a sewer
  4185 | Sewer    | Reached skill level 4 in Fighting
  4185 | Sewer    | Reached skill level 6 in Long Blades
  4648 | Sewer    | Reached XP level 6. HP: 51/52 MP: 5/5
  4672 | Sewer    | Reached skill level 1 in Invocations
  4679 | Sewer    | Reached *** piety under Uskayaw
  5178 | D:4      | Noticed an orc warrior
  5186 | D:4      | Killed an orc warrior
  5187 | D:4      | Reached skill level 7 in Long Blades
  5187 | D:4      | Reached skill level 5 in Dodging
  5187 | D:4      | Reached XP level 7. HP: 24/60 MP: 5/7
  5198 | D:4      | Reached skill level 2 in Invocations
  5422 | D:4      | Reached skill level 5 in Fighting
  5989 | D:4      | Noticed Duvessa
  5989 | D:4      | Noticed Dowan
  6001 | D:4      | Killed Duvessa
  6002 | D:4      | Reached skill level 8 in Long Blades
  6002 | D:4      | Reached skill level 1 in Shields
  6005 | D:4      | Killed Dowan
  6252 | D:5      | Entered Level 5 of the Dungeon
  6268 | D:5      | Reached skill level 3 in Invocations
  6268 | D:5      | Reached XP level 8. HP: 46/68 MP: 9/9
  6690 | D:5      | Reached skill level 9 in Long Blades
  6690 | D:5      | Reached skill level 2 in Shields
  6859 | D:5      | HP: 16/68 [ogre (23)]
  7279 | D:4      | Reached skill level 6 in Dodging
  7542 | D:5      | Found a staircase to the Ecumenical Temple.
  7792 | D:5      | Reached skill level 10 in Long Blades
  7882 | D:6      | Reached skill level 3 in Shields
  8229 | D:6      | Reached skill level 4 in Invocations
  8245 | D:6      | Reached skill level 11 in Long Blades
  8750 | D:6      | Found a transporter.
  8787 | D:6      | Reached skill level 4 in Shields
  8856 | D:6      | Reached **** piety under Uskayaw
  8867 | D:6      | Reached ***** piety under Uskayaw
  8868 | D:6      | Reached XP level 9. HP: 36/72 MP: 11/11
  9340 | D:6      | Reached skill level 12 in Long Blades
  9340 | D:6      | Reached skill level 7 in Dodging
  9357 | D:6      | Found a basalt altar of Yredelemnul.
  9410 | D:6      | Reached skill level 5 in Invocations
  9688 | D:6      | Reached skill level 13 in Long Blades
 10284 | D:6      | You pick up a book of Debilitation and begin reading...
 10284 | D:6      | You add the spells Slow, Vampiric Draining and Confusing
                  | Touch to your library.
 10364 | D:6      | Found a transporter.
 10928 | D:7      | Reached skill level 14 in Long Blades
 10935 | D:7      | You add the spells Olgreb's Toxic Radiance, Ozocubu's
                  | Refrigeration and Ignition to your library.
 11101 | D:7      | Reached skill level 8 in Dodging
 11289 | D:7      | You are sucked into a shaft and drop 3 floors!
 11289 | D:10     | Entered Level 10 of the Dungeon
 11563 | D:9      | Noticed Harold
 11574 | D:9      | Noticed a komodo dragon
 11594 | D:10     | HP: 5/112 [komodo dragon (28)]
 11598 | D:10     | Killed a komodo dragon
 11599 | D:10     | Reached skill level 6 in Fighting
 11599 | D:10     | Reached XP level 10. HP: 6/83 MP: 9/13
 12221 | D:10     | Noticed a gargoyle
 12663 | D:9      | Noticed Erica
 12663 | D:9      | Noticed Erolcha
 12694 | D:9      | HP: 18/83 [something (11)]
 12694 | D:9      | HP: 1/83 [something (17)]
 13313 | D:9      | Reached skill level 15 in Long Blades
 13585 | D:9      | You pick up a book of Lightning and begin reading...
 13585 | D:9      | You add the spells Static Discharge, Lightning Bolt and
                  | Maxwell's Capacitive Coupling to your library.
 13595 | D:9      | Identified the +11 whip "Tufit" {vorpal, Int+5 Stlth+}
 13611 | D:9      | Killed Harold
 13612 | D:9      | Reached skill level 6 in Invocations
 14046 | D:9      | Found a staircase to the Lair.
 14254 | D:9      | Found a staircase to the Orcish Mines.
 14282 | D:8      | Reached skill level 7 in Fighting
 14331 | D:8      | You pick up a book of Touch and begin reading...
 14331 | D:8      | You add the spells Sticky Flame and Dispel Undead to your
                  | library.
 14363 | D:8      | Found a glowing silver altar of Zin.
 14377 | D:8      | Reached skill level 16 in Long Blades
 14469 | D:8      | Noticed Psyche
 14479 | D:8      | Noticed Grum
 14484 | D:8      | Killed Psyche
 14485 | D:8      | Reached skill level 9 in Dodging
 14794 | D:8      | Noticed Prince Ribbit
 14806 | D:8      | Killed Prince Ribbit
 14815 | D:8      | Found a broken altar of Ashenzari.
 14903 | D:8      | Killed Grum
 15297 | D:7      | Found a runed translucent door.
 15298 | D:7      | Noticed Crazy Yiuf
 15666 | D:7      | Killed Crazy Yiuf
 15822 | D:8      | Reached skill level 8 in Fighting
 16134 | D:8      | Noticed a two-headed ogre
 16158 | D:8      | Killed a two-headed ogre
 16159 | D:8      | Reached skill level 7 in Invocations
 16159 | D:8      | Reached XP level 11. HP: 74/95 MP: 15/15
 16349 | D:8      | You add the spells Summon Forest, Eringya's Noxious Bog and
                  | Summon Hydra to your library.
 16518 | D:9      | Reached skill level 9 in Fighting
 16816 | D:9      | HP: 8/97 [something (26)]
 16816 | D:9      | Slain by Erica

Vanquished Creatures
  Harold (D:9)
  A two-headed ogre (D:8)
  Psyche (D:8)
  A komodo dragon (D:10)
  Prince Ribbit (D:8)
  2 hornets
  3 yaks (D:9)
  A wraith (D:9)
  Grum (D:8)
  6 water moccasins
  Duvessa (D:4)
  2 sky beasts
  A hornet zombie (D:8)
  An ice beast (D:6)
  A black bear (D:6)
  3 orc warriors
  4 necrophages
  4 wolves (D:8)
  2 ogres (D:4)
  5 centaurs
  4 bullfrogs (D:9)
  A phantom (D:4)
  5 kobold brigands
  2 scorpions (D:6)
  A wyvern zombie (D:7)
  A water moccasin zombie (D:6)
  Dowan (D:4)
  A wyvern skeleton (D:6)
  A water moccasin skeleton (D:7)
  6 killer bees (D:9)
  5 wights (D:6)
  A jelly (D:6)
  A gnoll shaman (D:6)
  2 bullfrog zombies (D:6)
  4 centaur zombies
  A hound (D:7)
  A human zombie (D:6)
  A centaur skeleton (D:4)
  10 orc priests
  Crazy Yiuf (D:7)
  An iguana (D:4)
  10 orc wizards
  A mummy (D:6)
  2 howler monkey zombies
  6 gnolls
  A howler monkey skeleton (D:5)
  6 adders
  A river rat (Sewer)
  A shadow imp (D:8)
  A white imp (D:6)
  2 ufetubi
  4 worms
  2 dart slugs (D:5)
  30 orcs
  13 ball pythons
  14 endoplasms
  6 giant cockroaches
  3 goblins
  12 hobgoblins
  33 kobolds
  4 quokkas
  6 bats
  2 frilled lizards
  32 rats
285 creatures vanquished.

Vanquished Creatures (others)
  25 fungi (D:9)
  52 plants
77 creatures vanquished.

Grand Total: 362 creatures vanquished

Table legend:
 A = Non-vault XP
 B = Vault XP
 C = Vault XP percentage of total XP
 D = Non-vault monster count
 E = Vault monster count
 F = Vault count percentage of total count
                 A         B        C        D         E       F
            +---------+---------+-------+---------+---------+-------
      Total |    6857 |    5550 |  44.7 |     185 |     100 |  35.1
            +---------+---------+-------+---------+---------+-------
        D:1 |      57 |       0 |   0.0 |      25 |       0 |   0.0
        D:2 |      40 |       2 |   4.8 |      20 |       1 |   4.8
        D:3 |      46 |       4 |   8.0 |      12 |       4 |  25.0
        D:4 |     404 |     494 |  55.0 |      20 |      11 |  35.5
        D:5 |     567 |       0 |   0.0 |      22 |       0 |   0.0
        D:6 |    1356 |     987 |  42.1 |      28 |      17 |  37.8
        D:7 |     729 |     277 |  27.5 |      10 |       3 |  23.1
        D:8 |    1728 |    1350 |  43.9 |      18 |       7 |  28.0
        D:9 |    1436 |    1602 |  52.7 |      25 |       7 |  21.9
       D:10 |     494 |     475 |  49.0 |       5 |       2 |  28.6
      Sewer |       0 |     359 | 100.0 |       0 |      48 | 100.0
            +---------+---------+-------+---------+---------+-------

Illustrated notes

Table legend:
 A = Kills in this place as a percentage of kills in entire the game.
 B = Kills by you in this place as a percentage of kills by you in the entire game.
 C = Kills by friends in this place as a percentage of kills by friends in the entire game.
 D = Other kills in this place as a percentage of other kills in the entire game.
 E = Experience gained in this place as a percentage of experience gained in the entire game.
 F = Experience gained in this place divided by the number of levels of this place that you have seen.
                   A       B       C       D       E      F
               +-------+-------+-------+-------+-------+----------------------
         Total | 100.0 | 100.0 |   N/A |   N/A | 100.0 | 1127.9
       Dungeon |  83.2 |  83.2 |   N/A |   N/A |  97.1 | 1204.8
         Sewer |  16.8 |  16.8 |   N/A |   N/A |   2.9 | 359.0
               +-------+-------+-------+-------+-------+----------------------

Table legend: (Time is in decaauts)
 A = Elapsed time spent in this place.
 B = Non-inter-level travel time spent in this place.
 C = Inter-level travel time spent in this place.
 D = Time resting spent in this place.
 E = Time spent auto-exploring this place.
 F = Levels seen in this place.
 G = Mean time per level.
                   A        B        C        D        E       F      G
               +--------+--------+--------+--------+--------+-----+--------+
         Total |  16717 |  16421 |    296 |   5999 |   7161 |  11 | 1519.7 |
       Dungeon |  15832 |  15536 |    296 |   5999 |   6616 |  10 | 1583.2 |
         Sewer |    884 |    884 |      0 |      0 |    544 |   1 |  884.0 |
               +--------+--------+--------+--------+--------+-----+--------+

Top non-repeatable levels by time:
     D:6: 2555 daAuts
    D:10: 2212 daAuts
     D:4: 2038 daAuts
     D:8: 1594 daAuts
     D:5: 1521 daAuts
     D:2: 1412 daAuts
     D:1: 1217 daAuts
     D:3: 1142 daAuts
     D:7: 1128 daAuts
     D:9: 1010 daAuts
   Sewer: 884 daAuts
